[ AOE2 MATCH · #505845932 ]
UnrankedPersians vs Bohemians
[ REPLAY ANALYSIS · EXTRACTED FROM THE RECORDED GAME ]
Feudal
13:04
Castle
17:03
Imperial
—
| APM avg | 29.2 |
| APM peak | 53 |
| eAPM avg | 18.5 |
| Villagers / military | 93 / 18 |
Focus
⚔️ 19.5% · 🌾 80.5%
Knight ×11 · Camel Scout ×7
Feudal
11:34
Castle
—
Imperial
—
| APM avg | 39.2 |
| APM peak | 75 |
| eAPM avg | 20.7 |
| Villagers / military | 55 / 11 |
Focus
⚔️ 33.1% · 🌾 66.9%
Archer ×6 · Spearman ×5
Feudal
14:54
Castle
—
Imperial
—
| APM avg | 24.1 |
| APM peak | 93 |
| eAPM avg | 16.4 |
| Villagers / military | 39 / 6 |
Focus
⚔️ 32.0% · 🌾 68.0%
Archer ×6
Feudal
12:34
Castle
22:21
Imperial
—
| APM avg | 32.4 |
| APM peak | 63 |
| eAPM avg | 14.1 |
| Villagers / military | 56 / 18 |
Focus
⚔️ 34.9% · 🌾 65.1%
Scout Cavalry ×12 · Monk ×2 · Knight ×2 · Spearman ×2
Feudal
12:14
Castle
27:10
Imperial
—
| APM avg | 44.9 |
| APM peak | 86 |
| eAPM avg | 19.0 |
| Villagers / military | 49 / 19 |
Focus
⚔️ 37.3% · 🌾 62.7%
Scout Cavalry ×14 · Spearman ×5
Feudal
12:25
Castle
24:39
Imperial
—
| APM avg | 52.7 |
| APM peak | 84 |
| eAPM avg | 25.6 |
| Villagers / military | 51 / 31 |
Focus
⚔️ 32.1% · 🌾 67.9%
Scout Cavalry ×19 · Fishing Ship ×10 · Cavalry Archer ×6 · Spearman ×4 · Fire Galley ×2
Feudal
12:11
Castle
—
Imperial
—
| APM avg | 43.8 |
| APM peak | 122 |
| eAPM avg | 11.0 |
| Villagers / military | 42 / 19 |
Focus
⚔️ 17.6% · 🌾 82.4%
Spearman ×10 · Scout Cavalry ×9
Feudal
13:48
Castle
17:18
Imperial
—
| APM avg | 36.7 |
| APM peak | 88 |
| eAPM avg | 13.4 |
| Villagers / military | 70 / 14 |
Focus
⚔️ 25.6% · 🌾 74.4%
Conquistador ×12 · Mangonel ×2
Match map
Initial resources + every placement click. Lines = walls · curves = elevation contours. ◆ gold · ⬟ stone · ● berries · ✦ relic · ◌ wall gap
Your base· Open — 9t gap
PaRappa56's base· Open — 5t gap
noselaw's base· Open — unwalled flank
Gene_Parmesan__'s base· Open — unwalled flank
Cronos's base· Open — unwalled flank
魔卡少女简狸狸's base· Open — 10t gap
mbxmm's base· Open — unwalled flank
Wuyen's base· Open — unwalled flank
Smoothed initial terrain · ◌ = detected wall gap · hover for details
Inputs per minute
— Combi | Papin - - PaRappa56
Build order — Combi | Papin
First 150 of 188 actions detected
| 0:18 | Build | Town Center |
| 2:34 | Queue | Villager (Male) |
| 2:34 | Queue | Villager (Male) |
| 2:35 | Queue | Villager (Male) |
| 2:36 | Build | House |
| 2:37 | Queue | Villager (Male) |
| 2:37 | Queue | Villager (Male) |
| 2:37 | Queue | Villager (Male) |
| 2:39 | Build | House |
| 3:11 | Research | Loom |
| 3:20 | Queue | Villager (Male) |
| 3:20 | Queue | Villager (Male) |
| 3:20 | Queue | Villager (Male) |
| 3:21 | Queue | Villager (Male) |
| 3:23 | Queue | Villager (Male) |
| 3:24 | Queue | Villager (Male) |
| 4:03 | Queue | Villager (Male) |
| 4:29 | Build | Lumber Camp |
| 4:44 | Queue | Villager (Male) |
| 4:59 | Build | House |
| 5:35 | Queue | Villager (Male) |
| 6:06 | Build | Mill |
| 6:09 | Queue | Villager (Male) |
| 6:21 | Queue | Villager (Male) |
| 6:21 | Queue | Villager (Male) |
| 6:21 | Queue | Villager (Male) |
| 7:00 | Build | House |
| 7:49 | Queue | Villager (Male) |
| 7:50 | Queue | Villager (Male) |
| 7:50 | Queue | Villager (Male) |
| 7:54 | Queue | Villager (Male) |
| 7:54 | Queue | Villager (Male) |
| 7:55 | Queue | Villager (Male) |
| 7:55 | Queue | Villager (Male) |
| 8:20 | Queue | Villager (Male) |
| 8:20 | Queue | Villager (Male) |
| 8:41 | Queue | Villager (Male) |
| 8:41 | Queue | Villager (Male) |
| 8:41 | Queue | Villager (Male) |
| 8:46 | Build | House |
| 9:14 | Build | House |
| 9:24 | Queue | Villager (Male) |
| 9:24 | Queue | Villager (Male) |
| 9:24 | Queue | Villager (Male) |
| 9:32 | Build | Mill |
| 10:01 | Build | Mining Camp |
| 10:08 | Queue | Villager (Male) |
| 10:31 | Queue | Villager (Male) |
| 10:32 | Research | Feudal Age |
| 12:38 | Build | Barracks |
| 12:47 | Build | Barracks |
| 13:03 | Queue | Villager (Male) |
| 13:04 | Age | Feudal Age |
| 13:26 | Queue | Villager (Male) |
| 13:30 | Build | Stable |
| 13:31 | Queue | Villager (Male) |
| 14:00 | Build | Blacksmith |
| 14:04 | Build | House |
| 14:38 | Research | Castle Age |
| 14:38 | Research | Castle Age |
| 15:37 | Research | Double-Bit Axe |
| 15:37 | Research | Double-Bit Axe |
| 16:26 | Build | Stable |
| 16:30 | Queue | Villager (Male) |
| 17:03 | Age | Castle Age |
| 17:06 | Build | Town Center |
| 17:07 | Queue | Villager (Male) |
| 17:10 | Queue | Knight |
| 17:10 | Queue | Knight |
| 17:40 | Build | Town Center |
| 17:53 | Build | Market |
| 17:59 | Queue | Knight |
| 18:34 | Queue | Villager (Male) |
| 18:34 | Queue | Villager (Male) |
| 18:42 | Queue | Knight |
| 18:42 | Queue | Knight |
| 18:50 | Build | House |
| 19:07 | Queue | Villager (Male) |
| 19:07 | Queue | Villager (Male) |
| 19:09 | Build | Farm |
| 19:15 | Queue | Villager (Male) |
| 19:15 | Queue | Villager (Male) |
| 19:15 | Queue | Villager (Male) |
| 19:33 | Queue | Villager (Male) |
| 19:34 | Queue | Villager (Male) |
| 19:34 | Queue | Villager (Male) |
| 19:49 | Queue | Villager (Male) |
| 20:10 | Queue | Knight |
| 20:15 | Build | Palisade Wall |
| 20:32 | Queue | Villager (Male) |
| 20:33 | Queue | Villager (Male) |
| 20:33 | Queue | Villager (Male) |
| 20:33 | Queue | Villager (Male) |
| 20:41 | Build | House |
| 20:44 | Build | House |
| 20:46 | Build | House |
| 20:57 | Queue | Villager (Male) |
| 20:57 | Queue | Villager (Male) |
| 20:57 | Queue | Villager (Male) |
| 21:12 | Queue | Knight |
| 21:12 | Queue | Knight |
| 21:12 | Queue | Knight |
| 21:17 | Queue | Villager (Male) |
| 21:26 | Build | Farm |
| 21:33 | Queue | Camel Scout |
| 21:33 | Queue | Camel Scout |
| 21:44 | Queue | Villager (Male) |
| 21:45 | Queue | Villager (Male) |
| 21:50 | Build | Mill |
| 22:07 | Queue | Villager (Male) |
| 22:07 | Queue | Villager (Male) |
| 22:07 | Queue | Villager (Male) |
| 22:41 | Queue | Camel Scout |
| 22:41 | Queue | Camel Scout |
| 22:48 | Build | Farm |
| 22:54 | Queue | Villager (Male) |
| 22:55 | Queue | Villager (Male) |
| 23:01 | Queue | Villager (Male) |
| 23:01 | Queue | Villager (Male) |
| 23:05 | Build | Farm |
| 23:06 | Build | Farm |
| 23:08 | Build | Farm |
| 23:16 | Research | Bow Saw |
| 23:16 | Research | Bow Saw |
| 23:25 | Queue | Camel Scout |
| 23:25 | Queue | Camel Scout |
| 23:25 | Queue | Camel Scout |
| 23:55 | Queue | Villager (Male) |
| 23:55 | Queue | Villager (Male) |
| 23:58 | Build | Farm |
| 24:04 | Queue | Villager (Male) |
| 24:12 | Build | House |
| 24:44 | Queue | Villager (Male) |
| 24:44 | Queue | Villager (Male) |
| 24:45 | Queue | Villager (Male) |
| 25:15 | Research | Husbandry |
| 25:15 | Research | Husbandry |
| 25:16 | Queue | Villager (Male) |
| 25:17 | Queue | Villager (Male) |
| 25:25 | Queue | Villager (Male) |
| 25:26 | Queue | Villager (Male) |
| 25:30 | Build | Farm |
| 25:31 | Build | Farm |
| 25:31 | Build | Farm |
| 25:31 | Build | Farm |
| 25:31 | Build | Farm |
| 25:32 | Queue | Villager (Male) |
| 25:35 | Build | Farm |
| 25:37 | Build | Farm |
| 25:57 | Queue | Villager (Male) |
Build order — PaRappa56
First 150 of 164 actions detected
| 0:09 | Build | Town Center |
| 0:53 | Build | House |
| 0:54 | Build | House |
| 2:16 | Queue | Villager (Male) |
| 2:17 | Queue | Villager (Male) |
| 2:17 | Queue | Villager (Male) |
| 2:17 | Queue | Villager (Male) |
| 2:17 | Queue | Villager (Male) |
| 3:58 | Queue | Villager (Male) |
| 4:14 | Queue | Villager (Male) |
| 4:41 | Build | Lumber Camp |
| 4:43 | Queue | Villager (Male) |
| 4:51 | Queue | Villager (Male) |
| 5:15 | Queue | Villager (Male) |
| 5:53 | Queue | Villager (Male) |
| 6:20 | Build | House |
| 6:24 | Queue | Villager (Male) |
| 6:37 | Queue | Villager (Male) |
| 7:18 | Queue | Villager (Male) |
| 7:36 | Queue | Villager (Male) |
| 7:46 | Queue | Villager (Male) |
| 7:49 | Research | Loom |
| 7:52 | Build | House |
| 8:09 | Build | House |
| 8:23 | Build | Mill |
| 8:44 | Queue | Villager (Male) |
| 8:56 | Queue | Villager (Male) |
| 9:01 | Build | House |
| 9:12 | Build | House |
| 9:24 | Research | Feudal Age |
| 9:24 | Research | Feudal Age |
| 9:38 | Build | Mining Camp |
| 9:57 | Build | House |
| 9:59 | Build | Palisade Wall |
| 11:29 | Queue | Villager (Male) |
| 11:34 | Age | Feudal Age |
| 11:36 | Build | Watch Tower |
| 11:41 | Build | Palisade Wall |
| 11:42 | Build | Palisade Wall |
| 11:44 | Build | Palisade Wall |
| 11:45 | Build | Palisade Wall |
| 11:47 | Build | Palisade Wall |
| 11:48 | Build | Palisade Wall |
| 11:51 | Build | Palisade Wall |
| 11:52 | Build | Palisade Wall |
| 11:53 | Build | Palisade Wall |
| 11:57 | Build | Palisade Wall |
| 11:59 | Build | Palisade Wall |
| 12:01 | Build | Palisade Wall |
| 12:02 | Build | Palisade Wall |
| 12:08 | Queue | Villager (Male) |
| 12:09 | Research | Town Watch |
| 12:19 | Build | Palisade Wall |
| 12:21 | Build | Palisade Wall |
| 12:34 | Build | Palisade Wall |
| 12:43 | Build | Watch Tower |
| 12:46 | Build | Palisade Wall |
| 12:49 | Build | Outpost |
| 12:50 | Queue | Villager (Male) |
| 13:00 | Build | Blacksmith |
| 13:02 | Queue | Villager (Male) |
| 13:47 | Queue | Villager (Male) |
| 14:00 | Queue | Villager (Male) |
| 14:02 | Build | Outpost |
| 14:18 | Build | Watch Tower |
| 14:19 | Queue | Villager (Male) |
| 14:22 | Build | Palisade Wall |
| 14:23 | Build | Palisade Wall |
| 14:23 | Build | Palisade Wall |
| 14:24 | Build | Palisade Wall |
| 14:25 | Build | Palisade Wall |
| 14:25 | Build | Palisade Wall |
| 14:26 | Build | Palisade Wall |
| 14:32 | Queue | Villager (Male) |
| 14:41 | Queue | Villager (Male) |
| 14:46 | Queue | Villager (Male) |
| 15:03 | Queue | Villager (Male) |
| 15:08 | Research | Fletching |
| 15:24 | Build | Watch Tower |
| 15:44 | Queue | Villager (Male) |
| 15:48 | Build | House |
| 15:48 | Build | House |
| 16:21 | Build | Watch Tower |
| 16:22 | Queue | Villager (Male) |
| 16:32 | Build | Farm |
| 16:32 | Build | Farm |
| 16:51 | Queue | Villager (Male) |
| 17:09 | Queue | Villager (Male) |
| 17:27 | Build | Farm |
| 17:28 | Build | Farm |
| 17:33 | Research | Double-Bit Axe |
| 17:34 | Queue | Villager (Male) |
| 17:47 | Build | Watch Tower |
| 18:08 | Queue | Villager (Male) |
| 18:19 | Queue | Villager (Male) |
| 18:51 | Queue | Villager (Male) |
| 18:54 | Build | Mining Camp |
| 19:13 | Queue | Villager (Male) |
| 19:16 | Queue | Villager (Male) |
| 19:46 | Build | Watch Tower |
| 20:09 | Build | Mining Camp |
| 20:10 | Queue | Villager (Male) |
| 20:27 | Build | Lumber Camp |
| 20:29 | Queue | Villager (Male) |
| 20:45 | Queue | Villager (Male) |
| 20:51 | Build | House |
| 20:54 | Build | House |
| 21:26 | Queue | Villager (Male) |
| 21:49 | Build | Watch Tower |
| 21:56 | Build | House |
| 21:57 | Build | House |
| 22:02 | Build | Market |
| 22:03 | Queue | Villager (Male) |
| 22:08 | Build | Barracks |
| 22:16 | Build | Farm |
| 22:18 | Queue | Villager (Male) |
| 22:34 | Queue | Villager (Male) |
| 22:36 | Build | Farm |
| 22:38 | Build | Farm |
| 22:43 | Build | Watch Tower |
| 22:52 | Build | Farm |
| 23:08 | Build | Farm |
| 23:15 | Build | Mill |
| 23:19 | Queue | Spearman |
| 23:19 | Queue | Spearman |
| 23:23 | Queue | Villager (Male) |
| 23:36 | Build | Palisade Gate |
| 23:37 | Build | Palisade Wall |
| 23:46 | Queue | Villager (Male) |
| 23:52 | Build | Archery Range |
| 23:55 | Build | Farm |
| 23:57 | Queue | Villager (Male) |
| 24:02 | Build | Farm |
| 24:21 | Build | Palisade Gate |
| 24:22 | Build | House |
| 24:25 | Build | Farm |
| 24:30 | Queue | Villager (Male) |
| 24:33 | Queue | Archer |
| 24:38 | Queue | Archer |
| 24:45 | Build | Palisade Wall |
| 24:51 | Build | Farm |
| 24:53 | Queue | Villager (Male) |
| 24:54 | Research | Horse Collar |
| 25:02 | Queue | Archer |
| 25:25 | Build | Mill |
| 25:31 | Queue | Villager (Male) |
| 25:42 | Build | Mining Camp |
| 25:45 | Queue | Archer |
| 25:50 | Build | Farm |
| 25:53 | Queue | Villager (Male) |
Build order — noselaw
69 actions detected in the replay
| 0:30 | Build | Town Center |
| 2:39 | Build | Mill |
| 2:44 | Build | House |
| 2:58 | Queue | Villager (Male) ×4 |
| 2:58 | Queue | Villager (Male) ×4 |
| 4:29 | Queue | Villager (Male) |
| 4:29 | Queue | Villager (Male) |
| 4:58 | Research | Loom |
| 5:03 | Queue | Villager (Male) |
| 5:10 | Build | House |
| 6:02 | Queue | Villager (Male) |
| 6:03 | Queue | Villager (Male) |
| 6:03 | Queue | Villager (Male) |
| 6:31 | Queue | Villager (Male) |
| 7:23 | Queue | Villager (Male) |
| 7:24 | Queue | Villager (Male) |
| 7:50 | Queue | Villager (Male) |
| 7:51 | Queue | Villager (Male) |
| 7:56 | Build | House |
| 9:19 | Build | Mill |
| 9:24 | Queue | Villager (Male) |
| 9:25 | Queue | Villager (Male) |
| 9:25 | Queue | Villager (Male) |
| 10:02 | Build | House |
| 10:35 | Queue | Villager (Male) |
| 10:35 | Queue | Villager (Male) |
| 10:35 | Queue | Villager (Male) |
| 10:46 | Build | Lumber Camp |
| 11:02 | Queue | Villager (Male) |
| 11:03 | Queue | Villager (Male) |
| 11:34 | Build | Farm |
| 11:37 | Build | Farm |
| 12:04 | Research | Feudal Age |
| 12:34 | Build | Mining Camp |
| 12:39 | Build | Mining Camp |
| 13:20 | Queue | Villager (Male) |
| 14:10 | Build | House |
| 14:54 | Age | Feudal Age |
| 15:01 | Build | Watch Tower |
| 15:03 | Build | Blacksmith |
| 15:17 | Build | Farm |
| 15:38 | Build | Farm |
| 15:49 | Build | Barracks |
| 16:21 | Build | Watch Tower |
| 17:23 | Research | Padded Archer Armor |
| 17:27 | Research | Fletching |
| 17:27 | Research | Fletching |
| 18:19 | Build | Watch Tower |
| 19:23 | Queue | Villager (Male) |
| 21:45 | Queue | Villager (Male) |
| 22:41 | Build | Market |
| 22:53 | Build | Mill |
| 23:19 | Queue | Villager (Male) |
| 23:49 | Build | Archery Range |
| 24:29 | Build | Farm |
| 24:51 | Queue | Archer |
| 25:14 | Queue | Archer |
| 25:15 | Queue | Archer |
| 25:17 | Queue | Villager (Male) |
| 25:22 | Queue | Villager (Male) |
| 25:54 | Queue | Villager (Male) |
| 26:13 | Queue | Villager (Male) |
| 26:41 | Queue | Archer |
| 26:42 | Queue | Archer |
| 26:52 | Queue | Villager (Male) |
| 27:09 | Queue | Archer |
| 27:44 | Queue | Villager (Male) |
| 27:45 | Queue | Villager (Male) |
| 27:58 | Queue | Villager (Male) |
Build order — Gene_Parmesan__
130 actions detected in the replay
| 0:49 | Build | Town Center |
| 1:37 | Build | House |
| 3:13 | Queue | Villager (Male) ×4 |
| 4:13 | Research | Loom |
| 4:15 | Queue | Villager (Male) |
| 4:15 | Queue | Villager (Male) |
| 5:18 | Queue | Villager (Male) |
| 5:18 | Queue | Villager (Male) |
| 5:18 | Queue | Villager (Male) |
| 5:27 | Build | House |
| 5:28 | Build | House |
| 5:28 | Build | House |
| 5:37 | Queue | Villager (Male) |
| 5:44 | Queue | Villager (Male) |
| 5:57 | Build | Lumber Camp |
| 6:28 | Queue | Villager (Male) |
| 6:28 | Queue | Villager (Male) |
| 6:29 | Queue | Villager (Male) |
| 7:23 | Queue | Villager (Male) |
| 7:23 | Queue | Villager (Male) |
| 7:59 | Queue | Villager (Male) |
| 7:59 | Queue | Villager (Male) |
| 8:15 | Queue | Villager (Male) |
| 8:25 | Queue | Villager (Male) |
| 9:06 | Queue | Villager (Male) |
| 9:33 | Build | Mill |
| 10:24 | Research | Feudal Age |
| 10:24 | Research | Feudal Age |
| 11:22 | Build | Barracks |
| 12:34 | Age | Feudal Age |
| 12:35 | Build | Stable |
| 12:36 | Queue | Villager (Male) |
| 12:37 | Queue | Villager (Male) |
| 12:37 | Queue | Villager (Male) |
| 12:45 | Research | Double-Bit Axe |
| 13:15 | Queue | Scout Cavalry |
| 13:15 | Queue | Scout Cavalry |
| 13:16 | Queue | Spearman |
| 13:18 | Queue | Spearman |
| 13:26 | Build | House |
| 13:29 | Build | House |
| 13:34 | Build | House |
| 13:36 | Queue | Villager (Male) |
| 13:58 | Queue | Villager (Male) |
| 14:27 | Queue | Villager (Male) |
| 14:27 | Queue | Villager (Male) |
| 14:45 | Build | Mill |
| 14:46 | Queue | Villager (Male) |
| 14:54 | Build | Mill |
| 14:58 | Queue | Scout Cavalry |
| 14:58 | Queue | Scout Cavalry |
| 15:13 | Queue | Scout Cavalry |
| 15:36 | Queue | Villager (Male) |
| 15:49 | Build | Mill |
| 15:51 | Queue | Villager (Male) |
| 15:56 | Build | Mill |
| 16:04 | Build | Mill |
| 16:05 | Queue | Villager (Male) |
| 16:50 | Queue | Villager (Male) |
| 17:04 | Build | Palisade Wall |
| 17:12 | Queue | Villager (Male) |
| 17:32 | Build | Market |
| 17:34 | Build | Palisade Wall |
| 17:41 | Queue | Villager (Male) |
| 17:46 | Queue | Villager (Male) |
| 18:10 | Build | Palisade Gate |
| 18:11 | Build | Palisade Wall |
| 18:21 | Build | Lumber Camp |
| 18:29 | Queue | Villager (Male) |
| 18:43 | Build | Palisade Wall |
| 18:45 | Build | Palisade Wall |
| 19:12 | Queue | Villager (Male) |
| 19:40 | Research | Castle Age |
| 19:40 | Research | Castle Age |
| 21:09 | Build | Palisade Wall |
| 21:57 | Build | Stable |
| 22:04 | Build | Stable |
| 22:08 | Research | Bloodlines |
| 22:08 | Research | Bloodlines |
| 22:21 | Age | Castle Age |
| 22:38 | Build | Lumber Camp |
| 22:44 | Research | Light Cavalry (upgrade) |
| 22:44 | Research | Husbandry |
| 22:46 | Queue | Scout Cavalry |
| 22:46 | Queue | Scout Cavalry |
| 22:47 | Queue | Villager (Male) |
| 22:55 | Build | Town Center |
| 23:02 | Research | Bow Saw |
| 23:03 | Research | Bow Saw |
| 23:03 | Queue | Villager (Male) |
| 23:05 | Queue | Scout Cavalry |
| 23:05 | Queue | Scout Cavalry |
| 23:08 | Queue | Scout Cavalry |
| 23:16 | Build | Palisade Gate |
| 23:17 | Build | Palisade Wall |
| 23:42 | Queue | Villager (Male) |
| 23:54 | Build | Mill |
| 24:02 | Queue | Villager (Male) |
| 24:06 | Queue | Villager (Male) |
| 24:21 | Queue | Villager (Male) |
| 24:42 | Queue | Villager (Male) |
| 24:42 | Queue | Villager (Male) |
| 24:51 | Build | Blacksmith |
| 25:08 | Queue | Villager (Male) |
| 25:30 | Queue | Villager (Male) |
| 25:34 | Build | Gate |
| 25:38 | Build | House |
| 25:46 | Queue | Scout Cavalry |
| 25:47 | Queue | Scout Cavalry |
| 25:48 | Queue | Knight |
| 25:48 | Queue | Knight |
| 26:09 | Queue | Villager (Male) |
| 26:13 | Build | Farm |
| 26:14 | Build | Farm |
| 26:15 | Build | Farm |
| 26:15 | Build | Farm |
| 26:15 | Build | Farm |
| 26:16 | Build | Farm |
| 26:18 | Queue | Villager (Male) |
| 26:19 | Queue | Villager (Male) |
| 26:43 | Queue | Villager (Male) |
| 26:43 | Queue | Villager (Male) |
| 26:51 | Build | Monastery |
| 26:53 | Queue | Villager (Male) |
| 26:57 | Queue | Villager (Male) |
| 27:36 | Research | Scale Barding Armor |
| 27:36 | Research | Scale Barding Armor |
| 27:44 | Queue | Villager (Male) |
| 27:46 | Queue | Monk |
| 27:47 | Queue | Monk |
Build order — Cronos
138 actions detected in the replay
| 0:10 | Build | Town Center |
| 2:12 | Build | House |
| 2:29 | Queue | Villager (Male) |
| 2:29 | Queue | Villager (Male) |
| 2:30 | Queue | Villager (Male) |
| 2:30 | Queue | Villager (Male) |
| 2:30 | Queue | Villager (Male) |
| 3:19 | Queue | Villager (Male) |
| 4:08 | Queue | Villager (Male) |
| 4:31 | Queue | Villager (Male) |
| 4:32 | Queue | Villager (Male) |
| 4:37 | Build | House |
| 4:48 | Queue | Villager (Male) |
| 4:49 | Queue | Villager (Male) |
| 5:43 | Queue | Villager (Male) |
| 5:43 | Queue | Villager (Male) |
| 5:44 | Queue | Villager (Male) |
| 5:44 | Queue | Villager (Male) |
| 6:23 | Build | Lumber Camp |
| 7:09 | Queue | Villager (Male) |
| 7:09 | Queue | Villager (Male) |
| 7:10 | Queue | Villager (Male) |
| 7:16 | Queue | Villager (Male) |
| 7:17 | Queue | Villager (Male) |
| 7:17 | Queue | Villager (Male) |
| 7:23 | Build | House |
| 8:06 | Queue | Villager (Male) |
| 8:24 | Build | House |
| 8:49 | Build | Mill |
| 9:30 | Research | Loom |
| 9:58 | Research | Feudal Age |
| 9:58 | Research | Feudal Age |
| 10:24 | Queue | Villager (Male) |
| 10:35 | Build | Barracks |
| 12:14 | Age | Feudal Age |
| 12:16 | Build | Stable |
| 12:19 | Research | Double-Bit Axe |
| 12:20 | Research | Double-Bit Axe |
| 12:22 | Queue | Spearman |
| 12:26 | Queue | Villager (Male) |
| 12:40 | Build | House |
| 12:50 | Queue | Villager (Male) |
| 13:03 | Queue | Scout Cavalry |
| 13:03 | Queue | Scout Cavalry |
| 13:11 | Queue | Villager (Male) |
| 13:23 | Build | Lumber Camp |
| 13:40 | Research | Wheelbarrow |
| 13:40 | Research | Wheelbarrow |
| 13:57 | Queue | Scout Cavalry |
| 14:25 | Queue | Villager (Male) |
| 14:28 | Build | House |
| 14:33 | Queue | Scout Cavalry |
| 14:38 | Queue | Villager (Male) |
| 14:42 | Queue | Spearman |
| 14:46 | Queue | Scout Cavalry |
| 15:00 | Queue | Spearman |
| 15:03 | Queue | Scout Cavalry |
| 15:17 | Queue | Scout Cavalry |
| 15:21 | Queue | Spearman |
| 15:44 | Build | Palisade Wall |
| 15:44 | Build | Palisade Wall |
| 15:45 | Build | Palisade Wall |
| 15:46 | Build | Palisade Wall |
| 15:53 | Build | Palisade Wall |
| 15:56 | Queue | Villager (Male) |
| 16:01 | Queue | Villager (Male) |
| 16:16 | Queue | Villager (Male) |
| 16:18 | Build | Farm |
| 16:19 | Build | Farm |
| 16:21 | Build | Farm |
| 16:36 | Queue | Villager (Male) |
| 16:49 | Build | Farm |
| 16:50 | Build | Farm |
| 16:57 | Queue | Villager (Male) |
| 17:06 | Build | Farm |
| 17:21 | Queue | Scout Cavalry |
| 17:25 | Build | House |
| 17:32 | Queue | Scout Cavalry |
| 17:47 | Queue | Spearman |
| 18:06 | Queue | Villager (Male) |
| 18:08 | Build | Blacksmith |
| 18:31 | Queue | Villager (Male) |
| 18:36 | Research | Forging |
| 18:41 | Build | House |
| 18:47 | Queue | Villager (Male) |
| 18:59 | Research | Scale Barding Armor |
| 18:59 | Research | Scale Barding Armor |
| 19:03 | Build | Market |
| 19:19 | Queue | Scout Cavalry |
| 19:32 | Queue | Villager (Male) |
| 19:34 | Build | Farm |
| 19:43 | Build | Farm |
| 19:55 | Queue | Villager (Male) |
| 20:08 | Queue | Villager (Male) |
| 20:11 | Build | Farm |
| 20:35 | Queue | Villager (Male) |
| 20:41 | Build | Mining Camp |
| 20:42 | Queue | Villager (Male) |
| 20:55 | Build | Farm |
| 21:17 | Queue | Villager (Male) |
| 21:25 | Queue | Villager (Male) |
| 21:31 | Build | Mill |
| 21:33 | Build | Farm |
| 21:34 | Build | Farm |
| 22:10 | Build | House |
| 22:22 | Build | Farm |
| 22:35 | Build | House |
| 22:42 | Queue | Villager (Male) |
| 23:10 | Queue | Scout Cavalry |
| 23:18 | Queue | Scout Cavalry |
| 23:19 | Queue | Villager (Male) |
| 23:28 | Build | Farm |
| 23:56 | Queue | Scout Cavalry |
| 24:05 | Queue | Villager (Male) |
| 24:18 | Build | Farm |
| 24:23 | Build | Mining Camp |
| 24:30 | Research | Castle Age |
| 24:31 | Research | Castle Age |
| 24:47 | Build | Farm |
| 25:07 | Research | Bloodlines |
| 25:07 | Research | Bloodlines |
| 25:15 | Build | Farm |
| 25:27 | Research | Town Watch |
| 25:27 | Research | Town Watch |
| 26:16 | Research | Stone Mining |
| 26:16 | Research | Stone Mining |
| 26:44 | Queue | Scout Cavalry |
| 27:10 | Age | Castle Age |
| 27:21 | Research | Light Cavalry (upgrade) |
| 27:21 | Research | Light Cavalry (upgrade) |
| 27:23 | Research | Chain Barding Armor |
| 27:23 | Research | Chain Barding Armor |
| 27:23 | Queue | Villager (Male) |
| 27:49 | Queue | Villager (Male) |
| 27:52 | Build | House |
| 28:00 | Build | Town Center |
| 28:08 | Build | House |
| 28:20 | Queue | Villager (Male) |
Build order — 魔卡少女简狸狸
First 150 of 183 actions detected
| 0:28 | Build | Town Center |
| 0:59 | Build | Mill |
| 1:00 | Build | House |
| 2:05 | Build | Palisade Wall |
| 2:09 | Build | Palisade Wall |
| 2:38 | Queue | Villager (Male) |
| 3:00 | Queue | Villager (Male) |
| 3:27 | Queue | Villager (Male) |
| 3:52 | Queue | Villager (Male) |
| 4:16 | Queue | Villager (Male) |
| 4:24 | Build | Lumber Camp |
| 4:27 | Build | House |
| 4:41 | Queue | Villager (Male) |
| 5:06 | Queue | Villager (Male) |
| 5:31 | Queue | Villager (Male) |
| 5:56 | Queue | Villager (Male) |
| 6:05 | Build | House |
| 6:21 | Queue | Villager (Male) |
| 6:46 | Queue | Villager (Male) |
| 7:11 | Queue | Villager (Male) |
| 7:36 | Queue | Villager (Male) |
| 7:48 | Build | House |
| 7:55 | Build | Dock |
| 8:01 | Build | House |
| 8:02 | Queue | Villager (Male) |
| 8:27 | Queue | Villager (Male) |
| 8:31 | Build | House |
| 8:32 | Queue | Fishing Ship |
| 8:44 | Queue | Villager (Male) |
| 8:45 | Queue | Villager (Male) |
| 9:09 | Queue | Fishing Ship |
| 9:23 | Build | Palisade Wall |
| 9:38 | Queue | Villager (Male) |
| 9:45 | Build | House |
| 9:45 | Build | House |
| 9:50 | Queue | Fishing Ship |
| 10:15 | Research | Feudal Age |
| 10:15 | Research | Feudal Age |
| 10:29 | Queue | Fishing Ship |
| 10:47 | Queue | Villager (Male) |
| 11:28 | Build | Barracks |
| 11:59 | Queue | Villager (Male) |
| 12:16 | Build | House |
| 12:21 | Build | House |
| 12:25 | Age | Feudal Age |
| 12:34 | Build | Stable |
| 12:39 | Build | House |
| 12:55 | Build | House |
| 13:08 | Build | Stable |
| 13:13 | Queue | Villager (Male) |
| 13:22 | Queue | Scout Cavalry |
| 13:24 | Research | Double-Bit Axe |
| 13:24 | Research | Double-Bit Axe |
| 13:38 | Queue | Villager (Male) |
| 13:46 | Build | Mill |
| 13:48 | Queue | Scout Cavalry |
| 13:50 | Queue | Villager (Male) |
| 13:51 | Queue | Scout Cavalry |
| 13:53 | Build | House |
| 13:53 | Build | House |
| 14:17 | Queue | Scout Cavalry |
| 14:19 | Queue | Scout Cavalry |
| 14:23 | Queue | Villager (Male) |
| 14:48 | Queue | Scout Cavalry |
| 14:49 | Queue | Scout Cavalry |
| 14:50 | Queue | Villager (Male) |
| 14:53 | Build | Blacksmith |
| 14:57 | Research | Bloodlines |
| 14:57 | Research | Bloodlines |
| 15:19 | Queue | Villager (Male) |
| 15:19 | Queue | Scout Cavalry |
| 15:21 | Queue | Fishing Ship |
| 15:23 | Build | House |
| 15:25 | Queue | Fishing Ship |
| 15:30 | Research | Scale Barding Armor |
| 15:39 | Research | Forging |
| 15:39 | Research | Forging |
| 15:44 | Queue | Villager (Male) |
| 15:50 | Queue | Fishing Ship |
| 16:01 | Queue | Scout Cavalry |
| 16:04 | Build | House |
| 16:09 | Queue | Villager (Male) |
| 16:19 | Queue | Scout Cavalry |
| 16:21 | Queue | Fishing Ship |
| 16:27 | Queue | Scout Cavalry |
| 16:33 | Queue | Villager (Male) |
| 16:46 | Research | Tech 906 |
| 16:47 | Research | Tech 906 |
| 16:48 | Queue | Fishing Ship |
| 16:48 | Build | House |
| 16:55 | Queue | Scout Cavalry |
| 16:59 | Queue | Villager (Male) |
| 17:06 | Queue | Scout Cavalry |
| 17:24 | Queue | Villager (Male) |
| 17:29 | Build | Mining Camp |
| 17:31 | Build | Fish Trap |
| 17:34 | Build | House |
| 17:38 | Build | House |
| 17:48 | Build | House |
| 17:49 | Build | Palisade Wall |
| 18:12 | Build | Mill |
| 18:14 | Queue | Scout Cavalry |
| 18:14 | Queue | Scout Cavalry |
| 18:14 | Queue | Villager (Male) |
| 18:27 | Build | Mill |
| 18:36 | Queue | Villager (Male) |
| 18:40 | Queue | Scout Cavalry |
| 18:40 | Queue | Scout Cavalry |
| 19:02 | Queue | Villager (Male) |
| 19:10 | Queue | Scout Cavalry |
| 19:10 | Queue | Scout Cavalry |
| 19:14 | Build | Fish Trap |
| 19:20 | Research | Loom |
| 19:21 | Research | Loom |
| 19:21 | Research | Loom |
| 19:27 | Build | Barracks |
| 19:30 | Queue | Spearman |
| 19:30 | Queue | Spearman |
| 19:32 | Build | House |
| 19:42 | Queue | Spearman |
| 19:51 | Queue | Villager (Male) |
| 19:51 | Build | Palisade Gate |
| 19:52 | Build | Palisade Wall |
| 19:58 | Build | Fish Trap |
| 20:11 | Build | Palisade Wall |
| 20:13 | Build | Palisade Wall |
| 20:16 | Queue | Villager (Male) |
| 20:21 | Build | House |
| 20:25 | Build | Market |
| 20:42 | Queue | Villager (Male) |
| 20:46 | Build | House |
| 20:50 | Queue | Spearman |
| 21:07 | Queue | Villager (Male) |
| 21:32 | Queue | Villager (Male) |
| 21:56 | Research | Castle Age |
| 21:56 | Research | Castle Age |
| 21:56 | Research | Castle Age |
| 22:40 | Build | Fish Trap |
| 23:02 | Build | Fish Trap |
| 23:04 | Build | Fish Trap |
| 24:03 | Build | Lumber Camp |
| 24:04 | Build | Lumber Camp |
| 24:07 | Build | Archery Range |
| 24:08 | Build | Archery Range |
| 24:39 | Age | Castle Age |
| 24:41 | Queue | Villager (Male) |
| 24:44 | Research | Light Cavalry (upgrade) |
| 24:45 | Research | Husbandry |
| 24:45 | Research | Husbandry |
| 24:45 | Research | Husbandry |
Build order — mbxmm
84 actions detected in the replay
| 1:04 | Build | Town Center |
| 2:56 | Queue | Villager (Male) |
| 2:56 | Queue | Villager (Male) |
| 3:00 | Queue | Villager (Male) |
| 3:01 | Queue | Villager (Male) |
| 3:01 | Queue | Villager (Male) |
| 4:19 | Queue | Villager (Male) |
| 4:19 | Queue | Villager (Male) |
| 4:55 | Queue | Villager (Male) |
| 4:56 | Queue | Villager (Male) |
| 4:56 | Queue | Villager (Male) |
| 5:29 | Queue | Villager (Male) |
| 5:29 | Queue | Villager (Male) |
| 6:13 | Queue | Villager (Male) |
| 6:13 | Queue | Villager (Male) |
| 6:21 | Queue | Villager (Male) |
| 6:31 | Queue | Villager (Male) |
| 6:32 | Queue | Villager (Male) |
| 6:37 | Build | Lumber Camp |
| 7:12 | Queue | Villager (Male) |
| 8:02 | Queue | Villager (Male) |
| 8:23 | Queue | Villager (Male) |
| 8:49 | Queue | Villager (Male) |
| 9:15 | Queue | Villager (Male) |
| 9:25 | Build | Mill |
| 10:01 | Research | Feudal Age |
| 11:18 | Build | Barracks |
| 12:11 | Age | Feudal Age |
| 12:14 | Queue | Villager (Male) |
| 12:14 | Queue | Villager (Male) |
| 12:17 | Build | Stable |
| 12:43 | Queue | Villager (Male) |
| 12:47 | Queue | Scout Cavalry |
| 12:47 | Queue | Scout Cavalry |
| 13:05 | Queue | Villager (Male) |
| 13:09 | Build | Blacksmith |
| 13:26 | Queue | Scout Cavalry |
| 13:40 | Queue | Scout Cavalry |
| 13:48 | Research | Loom |
| 13:51 | Research | Forging |
| 13:56 | Queue | Scout Cavalry |
| 14:04 | Build | Mill |
| 14:15 | Queue | Villager (Male) |
| 15:04 | Queue | Villager (Male) |
| 15:04 | Queue | Scout Cavalry |
| 15:05 | Queue | Scout Cavalry |
| 15:20 | Queue | Spearman |
| 15:26 | Queue | Villager (Male) |
| 15:29 | Build | Mining Camp |
| 15:33 | Queue | Scout Cavalry |
| 15:47 | Queue | Villager (Male) |
| 16:04 | Queue | Villager (Male) |
| 16:07 | Queue | Spearman |
| 16:07 | Queue | Spearman |
| 16:17 | Queue | Spearman |
| 16:19 | Queue | Scout Cavalry |
| 16:32 | Queue | Villager (Male) |
| 16:42 | Queue | Villager (Male) |
| 16:52 | Queue | Villager (Male) |
| 17:04 | Build | Mill |
| 17:19 | Research | Scale Barding Armor |
| 17:21 | Queue | Villager (Male) |
| 17:35 | Build | Lumber Camp |
| 18:28 | Queue | Villager (Male) |
| 18:28 | Queue | Villager (Male) |
| 18:37 | Build | Lumber Camp |
| 18:48 | Queue | Spearman |
| 18:49 | Queue | Spearman |
| 19:06 | Build | Market |
| 19:11 | Build | Palisade Wall |
| 19:14 | Build | Palisade Gate |
| 19:17 | Build | Palisade Wall |
| 19:58 | Queue | Spearman |
| 19:58 | Queue | Spearman |
| 20:03 | Queue | Villager (Male) |
| 20:42 | Queue | Villager (Male) |
| 21:19 | Build | Mill |
| 21:26 | Queue | Villager (Male) |
| 21:26 | Queue | Villager (Male) |
| 22:26 | Queue | Spearman |
| 22:26 | Queue | Spearman |
| 23:01 | Queue | Villager (Male) |
| 23:45 | Build | Town Center |
| 24:26 | Build | Mill |
Build order — Wuyen
First 150 of 156 actions detected
| 0:09 | Build | Town Center |
| 2:01 | Build | House |
| 2:28 | Queue | Villager (Male) |
| 2:28 | Queue | Villager (Male) |
| 2:29 | Queue | Villager (Male) |
| 2:40 | Queue | Villager (Male) |
| 2:40 | Queue | Villager (Male) |
| 3:28 | Build | House |
| 3:37 | Queue | Villager (Male) |
| 3:38 | Queue | Villager (Male) |
| 3:41 | Build | House |
| 3:54 | Build | House |
| 4:05 | Queue | Villager (Male) |
| 4:06 | Queue | Villager (Male) |
| 4:09 | Build | House |
| 4:17 | Build | House |
| 4:27 | Queue | Villager (Male) |
| 4:28 | Queue | Villager (Male) |
| 5:10 | Queue | Villager (Male) |
| 5:11 | Queue | Villager (Male) |
| 5:11 | Queue | Villager (Male) |
| 5:33 | Queue | Villager (Male) |
| 5:34 | Queue | Villager (Male) |
| 6:18 | Build | House |
| 6:26 | Queue | Villager (Male) |
| 6:26 | Queue | Villager (Male) |
| 6:26 | Queue | Villager (Male) |
| 6:26 | Queue | Villager (Male) |
| 6:52 | Queue | Villager (Male) |
| 7:14 | Queue | Villager (Male) |
| 7:14 | Queue | Villager (Male) |
| 7:19 | Build | Lumber Camp |
| 7:39 | Queue | Villager (Male) |
| 7:48 | Queue | Villager (Male) |
| 7:49 | Queue | Villager (Male) |
| 7:58 | Build | House |
| 8:20 | Queue | Villager (Male) |
| 8:36 | Build | House |
| 9:55 | Queue | Villager (Male) |
| 10:08 | Build | Mill |
| 10:16 | Queue | Villager (Male) |
| 11:10 | Research | Loom |
| 11:11 | Research | Feudal Age |
| 11:18 | Build | Mining Camp |
| 11:40 | Build | Palisade Wall |
| 11:42 | Build | Palisade Wall |
| 11:44 | Build | Palisade Wall |
| 11:46 | Build | Palisade Wall |
| 11:50 | Build | Palisade Wall |
| 11:51 | Build | Palisade Wall |
| 11:53 | Build | Palisade Wall |
| 11:55 | Build | Palisade Wall |
| 11:57 | Build | Palisade Wall |
| 12:15 | Build | Palisade Wall |
| 12:18 | Build | Palisade Wall |
| 12:20 | Build | House |
| 12:23 | Build | Palisade Wall |
| 12:25 | Build | Palisade Wall |
| 12:27 | Build | Palisade Wall |
| 12:29 | Build | Palisade Wall |
| 12:31 | Build | Palisade Wall |
| 12:49 | Queue | Villager (Male) |
| 12:49 | Queue | Villager (Male) |
| 13:48 | Age | Feudal Age |
| 13:55 | Build | Market |
| 14:03 | Build | Blacksmith |
| 14:34 | Research | Castle Age |
| 14:56 | Research | Double-Bit Axe |
| 14:56 | Research | Double-Bit Axe |
| 15:46 | Queue | Villager (Male) |
| 16:09 | Build | House |
| 17:18 | Age | Castle Age |
| 17:34 | Queue | Villager (Male) |
| 17:38 | Build | Castle |
| 17:48 | Queue | Villager (Male) |
| 18:25 | Queue | Villager (Male) |
| 18:41 | Queue | Conquistador |
| 18:45 | Queue | Conquistador |
| 18:53 | Build | Siege Workshop |
| 19:01 | Queue | Villager (Male) |
| 19:05 | Build | Siege Workshop |
| 19:09 | Build | Town Center |
| 19:11 | Queue | Conquistador |
| 19:24 | Queue | Villager (Male) |
| 19:27 | Research | Bow Saw |
| 19:36 | Queue | Conquistador |
| 19:44 | Queue | Mangonel |
| 19:55 | Queue | Conquistador |
| 19:55 | Queue | Villager (Male) |
| 19:56 | Queue | Villager (Male) |
| 20:00 | Build | House |
| 20:12 | Queue | Villager (Male) |
| 20:16 | Queue | Villager (Male) |
| 20:37 | Queue | Mangonel |
| 20:45 | Queue | Villager (Male) |
| 20:45 | Queue | Villager (Male) |
| 20:49 | Build | House |
| 20:56 | Queue | Villager (Male) |
| 21:02 | Build | Farm |
| 21:02 | Build | Farm |
| 21:19 | Build | Farm |
| 21:55 | Queue | Villager (Male) |
| 21:55 | Queue | Villager (Male) |
| 21:56 | Queue | Conquistador |
| 21:56 | Queue | Conquistador |
| 22:21 | Queue | Villager (Male) |
| 22:22 | Queue | Villager (Male) |
| 22:40 | Build | Farm |
| 22:41 | Queue | Villager (Male) |
| 22:48 | Build | Mill |
| 23:15 | Queue | Villager (Male) |
| 23:17 | Queue | Conquistador |
| 23:25 | Queue | Villager (Male) |
| 23:45 | Queue | Villager (Male) |
| 23:45 | Queue | Villager (Male) |
| 23:52 | Build | Outpost |
| 23:55 | Queue | Villager (Male) |
| 24:15 | Build | Mining Camp |
| 24:16 | Build | Outpost |
| 24:18 | Queue | Villager (Male) |
| 24:18 | Queue | Villager (Male) |
| 24:37 | Queue | Villager (Male) |
| 24:42 | Queue | Conquistador |
| 24:48 | Build | Farm |
| 24:52 | Build | Farm |
| 24:53 | Build | Farm |
| 24:56 | Queue | Villager (Male) |
| 25:08 | Build | Outpost |
| 25:11 | Queue | Villager (Male) |
| 25:12 | Queue | Villager (Male) |
| 25:24 | Queue | Villager (Male) |
| 25:26 | Queue | Villager (Male) |
| 25:36 | Build | Outpost |
| 25:52 | Queue | Villager (Male) |
| 25:52 | Queue | Villager (Male) |
| 25:57 | Build | Outpost |
| 26:02 | Build | Mill |
| 26:06 | Queue | Conquistador |
| 26:22 | Queue | Conquistador |
| 26:23 | Queue | Villager (Male) |
| 26:25 | Build | House |
| 26:36 | Queue | Villager (Male) |
| 26:37 | Queue | Villager (Male) |
| 26:40 | Build | House |
| 26:57 | Queue | Villager (Male) |
| 26:59 | Build | House |
| 27:00 | Build | House |
| 27:02 | Research | Wheelbarrow |
| 27:15 | Build | House |
| 27:23 | Queue | Conquistador |
Match timeline
| 2:05 | 魔卡少女简狸狸 · wall_segment Palisade Wall x1 |
| 2:09 | 魔卡少女简狸狸 · wall_segment Palisade Wall x1 |
| 7:55 | 魔卡少女简狸狸 · first_building Dock |
| 9:23 | 魔卡少女简狸狸 · wall_segment Palisade Wall x1 |
| 9:59 | PaRappa56 · wall_segment Palisade Wall x4 |
| 10:35 | Cronos · first_building Barracks |
| 11:18 | mbxmm · first_building Barracks |
| 11:22 | Gene_Parmesan__ · first_building Barracks |
| 11:28 | 魔卡少女简狸狸 · first_building Barracks |
| 11:34 | PaRappa56 · age_up feudal |
| 11:40 | Wuyen · wall_segment Palisade Wall x1 |
| 11:41 | PaRappa56 · wall_segment Palisade Wall x1 |
| 11:42 | Wuyen · wall_segment Palisade Wall x1 |
| 11:42 | PaRappa56 · wall_segment Palisade Wall x1 |
| 11:44 | PaRappa56 · wall_segment Palisade Wall x1 |
| 11:44 | Wuyen · wall_segment Palisade Wall x1 |
| 11:45 | PaRappa56 · wall_segment Palisade Wall x1 |
| 11:46 | Wuyen · wall_segment Palisade Wall x1 |
| 11:47 | PaRappa56 · wall_segment Palisade Wall x1 |
| 11:48 | PaRappa56 · wall_segment Palisade Wall x1 |
| 11:50 | Wuyen · wall_segment Palisade Wall x1 |
| 11:51 | PaRappa56 · wall_segment Palisade Wall x1 |
| 11:51 | Wuyen · wall_segment Palisade Wall x1 |
| 11:52 | PaRappa56 · wall_segment Palisade Wall x1 |
| 11:53 | PaRappa56 · wall_segment Palisade Wall x1 |
| 11:53 | Wuyen · wall_segment Palisade Wall x1 |
| 11:55 | Wuyen · wall_segment Palisade Wall x1 |
| 11:57 | PaRappa56 · wall_segment Palisade Wall x1 |
| 11:57 | Wuyen · wall_segment Palisade Wall x1 |
| 11:59 | PaRappa56 · wall_segment Palisade Wall x1 |
| 12:01 | PaRappa56 · wall_segment Palisade Wall x1 |
| 12:02 | PaRappa56 · wall_segment Palisade Wall x1 |
| 12:11 | mbxmm · age_up feudal |
| 12:14 | Cronos · age_up feudal |
| 12:15 | Wuyen · wall_segment Palisade Wall x1 |
| 12:16 | Cronos · first_building Stable |
| 12:17 | mbxmm · first_building Stable |
| 12:18 | Wuyen · wall_segment Palisade Wall x1 |
| 12:19 | PaRappa56 · wall_segment Palisade Wall x1 |
| 12:21 | PaRappa56 · wall_segment Palisade Wall x1 |
| 12:23 | Wuyen · wall_segment Palisade Wall x1 |
| 12:25 | Wuyen · wall_segment Palisade Wall x1 |
| 12:25 | 魔卡少女简狸狸 · age_up feudal |
| 12:27 | Wuyen · wall_segment Palisade Wall x1 |
| 12:29 | Wuyen · wall_segment Palisade Wall x1 |
| 12:31 | Wuyen · wall_segment Palisade Wall x1 |
| 12:34 | 魔卡少女简狸狸 · first_building Stable |
| 12:34 | Gene_Parmesan__ · age_up feudal |
| 12:34 | PaRappa56 · wall_segment Palisade Wall x1 |
| 12:35 | Gene_Parmesan__ · first_building Stable |
| 12:38 | Combi | Papin · first_building Barracks |
| 12:46 | PaRappa56 · wall_segment Palisade Wall x1 |
| 13:04 | Combi | Papin · age_up feudal |
| 13:30 | Combi | Papin · first_building Stable |
| 13:48 | Wuyen · age_up feudal |
| 14:22 | PaRappa56 · wall_segment Palisade Wall x1 |
| 14:23 | PaRappa56 · wall_segment Palisade Wall x1 |
| 14:23 | PaRappa56 · wall_segment Palisade Wall x1 |
| 14:24 | PaRappa56 · wall_segment Palisade Wall x1 |
| 14:25 | PaRappa56 · wall_segment Palisade Wall x1 |
| 14:25 | PaRappa56 · wall_segment Palisade Wall x1 |
| 14:26 | PaRappa56 · wall_segment Palisade Wall x1 |
| 14:54 | noselaw · age_up feudal |
| 15:44 | Cronos · wall_segment Palisade Wall x1 |
| 15:44 | Cronos · wall_segment Palisade Wall x1 |
| 15:45 | Cronos · wall_segment Palisade Wall x1 |
| 15:46 | Cronos · wall_segment Palisade Wall x1 |
| 15:49 | noselaw · first_building Barracks |
| 15:53 | Cronos · wall_segment Palisade Wall x1 |
| 17:03 | Combi | Papin · age_up castle |
| 17:04 | Gene_Parmesan__ · wall_segment Palisade Wall x17 |
| 17:18 | Wuyen · age_up castle |
| 17:34 | Gene_Parmesan__ · wall_segment Palisade Wall x1 |
| 17:38 | Wuyen · first_building Castle |
| 17:49 | 魔卡少女简狸狸 · wall_segment Palisade Wall x1 |
| 18:11 | Gene_Parmesan__ · wall_segment Palisade Wall x1 |
| 18:43 | Gene_Parmesan__ · wall_segment Palisade Wall x1 |
| 18:45 | Gene_Parmesan__ · wall_segment Palisade Wall x1 |
| 18:53 | Wuyen · first_building Siege Workshop |
| 19:11 | Combi | Papin · first_market_buy 100 food |
| 19:11 | mbxmm · wall_segment Palisade Wall x4 |
| 19:17 | mbxmm · wall_segment Palisade Wall x7 |
| 19:39 | Gene_Parmesan__ · first_market_sell 100 stone |
| 19:52 | 魔卡少女简狸狸 · wall_segment Palisade Wall x1 |
| 20:11 | 魔卡少女简狸狸 · wall_segment Palisade Wall x1 |
| 20:13 | 魔卡少女简狸狸 · wall_segment Palisade Wall x1 |
| 20:15 | Combi | Papin · wall_segment Palisade Wall x1 |
| 21:01 | Cronos · first_market_sell 100 wood |
| 21:06 | 魔卡少女简狸狸 · first_market_buy 100 food |
| 21:09 | Gene_Parmesan__ · wall_segment Palisade Wall x6 |
| 22:08 | PaRappa56 · first_building Barracks |
| 22:21 | Gene_Parmesan__ · age_up castle |
| 23:01 | Gene_Parmesan__ · first_market_buy 100 wood |
| 23:17 | Gene_Parmesan__ · wall_segment Palisade Wall x1 |
| 23:37 | PaRappa56 · wall_segment Palisade Wall x1 |
| 23:49 | noselaw · first_building Archery Range |
| 23:52 | PaRappa56 · first_building Archery Range |
| 23:52 | Cronos · first_market_buy 100 food |
| 24:07 | 魔卡少女简狸狸 · first_building Archery Range |
| 24:39 | 魔卡少女简狸狸 · age_up castle |
| 24:45 | PaRappa56 · wall_segment Palisade Wall x7 |
| 24:48 | noselaw · first_market_sell 100 stone |
| 25:12 | Combi | Papin · first_market_sell 100 wood |
| 25:13 | PaRappa56 · first_market_buy 100 food |
| 26:22 | PaRappa56 · wall_segment Palisade Wall x1 |
| 26:27 | PaRappa56 · wall_segment Palisade Wall x5 |
| 26:30 | Combi | Papin · wall_segment Palisade Wall x1 |
| 26:36 | Combi | Papin · wall_segment Palisade Wall x1 |
| 26:37 | Combi | Papin · wall_segment Palisade Wall x1 |
| 26:51 | Gene_Parmesan__ · first_building Monastery |
| 27:10 | Cronos · age_up castle |
| 27:41 | 魔卡少女简狸狸 · first_building Monastery |
| 28:06 | Gene_Parmesan__ · resign |
[ AI ANALYSIS · 1 CREDIT ]
What really happened in this match?
Wolo.gg analyzes every decision: build order, eco, micro, common mistakes by bracket. Personalized analysis on WhatsApp or Discord in 30 seconds.
Civ guide
Persians
Perfil
Jugador #3025288